 Dungeon Crawl Stone Soup version 0.31.0-32-g396128a36d (webtiles) character file.

Game seed: 2561368529234252166

348 soggyman666 the Chopper (level 6, -3/39 HPs)
             Began as a Gargoyle Monk on Mar 20, 2024.
             Slain by an ogre
             ... wielding a +0 giant spiked club
              (21 damage)
             ... on level 4 of the Dungeon.
             The game lasted 00:13:02 (3390 turns).

soggyman666 the Chopper (Gargoyle Monk)             Turns: 3390, Time: 00:13:03

Health: -3/39      AC: 21    Str: 17    XL:     6   Next: 60%
Magic:  6/6        EV:  6    Int: 10    God:
Gold:   121        SH:  0    Dex: 15    Spells: 5/5 levels left

rFire   . . .        a - +0 hand axe
rCold   . . .        d - orb {light}
rNeg    + . .        h - +0 plate armour
rPois   ∞            e - +0 helmet
rElec   +            (no cloak)
rCorr   .            f - +2 pair of gloves "Yntassun" {Dex+3}
SInv    .            j - +0 pair of boots
Will    .....        (no amulet) Stlth
                     (no ring)
HPRegen 0.26/turn    (no ring)
MPRegen 0.10/turn

%: no passive effects
@: glowing
A: sickness immunity, AC +4, negative energy resistance 1, electricity
resistance, torment resistance 1, petrification resistance
a: no special abilities


You were on level 4 of the Dungeon.
You visited 1 branch of the dungeon, and saw 4 of its levels.

You collected 121 gold pieces.

Inventory:

Hand Weapons
 a - a +0 hand axe (weapon)
Armour
 d - an orb of light (worn)
 e - a +0 helmet (worn)
 f - the +2 pair of gloves "Yntassun" (worn) {Dex+3}
   (You found it on level 2 of the Dungeon)

   Dex+3:     It affects your dexterity (+3).
 h - a +0 plate armour (worn)
 j - a +0 pair of boots (worn)
Wands
 n - a wand of iceblast (3)
Scrolls
 b - a scroll of fog
 g - a scroll of revelation
 i - a scroll of torment
 m - 3 scrolls of amnesia
 r - a scroll of teleportation
Potions
 c - a potion of ambrosia
 k - a potion of cancellation {unknown}
 l - a potion of haste {unknown}
 p - a potion of curing


   Skills:
 + Level 4.5 Fighting
 + Level 5.1 Axes
 + Level 3.0 Armour
 + Level 2.8 Dodging


You had 5 spell levels left.
You didn't know any spells.
Your spell library contained the following spells:

 Spells                   Type           Power      Damage    Failure   Level
 Kiss of Death            Conj/Necr      0%         2d5       100%        1
 Magic Dart               Conj           0%         1d3       100%        1
 Blink                    Tloc           0%         N/A       100%        2
 Call Imp                 Summ           0%         N/A       100%        2
 Confusing Touch          Hex            0%         N/A       100%        3
 Dispel Undead            Necr           0%         3d6       100%        4


Dungeon Overview and Level Annotations

Branches:
Dungeon (4/15)
 Temple: D:4-7

Altars:


Innate Abilities, Weirdness & Mutations

You are immune to sickness and miasma.
Your stone body is resilient. (AC +4)
You are immune to poison.
You resist negative energy. (rN+)
You are resistant to electric shocks. (rElec)
You are resistant to unholy torment.
You are immune to petrification.


Message History

You hit the hound but do no damage.
The hound is almost dead.
The hound bites you.
You hit the hound.
You kill the hound!
Your Armour skill increases to level 3!
Found an escape hatch in the ceiling.
No target in view!
There is an escape hatch in the ceiling here.
An ogre comes into view. It is wielding a +0 giant spiked club.
The ogre shouts!
An ogre is nearby!
An ogre is nearby!
An ogre comes into view. It is wielding a +0 giant spiked club.
There are monsters nearby!
Found 11 gold pieces.
A quokka comes into view.
The ogre barely misses you.
You barely miss the ogre. You hit the ogre.
The ogre is moderately wounded.
The ogre barely misses you.
You hit the ogre but do no damage.
The ogre is moderately wounded.
The ogre hits you with a +0 giant spiked club!
You hit the ogre.
The ogre is heavily wounded.
You hit the ogre.
The ogre is severely wounded.
You hit the ogre. The ogre barely misses you.
The ogre hits you with a +0 giant spiked club!!
Ouch! That really hurt!
* * * LOW HITPOINT WARNING * * *
You are too injured to fight recklessly!
You are too injured to fight recklessly!
Unknown command.
It was a potion of curing.
You feel better.
The ogre hits you with a +0 giant spiked club!!
Ouch! That really hurt!
You die...

### ###.############
#...............
$.#######.........<...#.
......O........##.###.#.
.....rO@....#####.###...
.#...######## #.......
## ########## #####...
#........########.#. ###
#...#......##.....#. ...
#...##.....######.#. ...
+...##......#.....#.
#.###
#...####......##..#.
#..<# #...#
#########..#.


You could see 2 ogres and a quokka.

Vanquished Creatures
  Sigmund (D:2)
  A hound (D:4)
  Natasha (D:2)
  Terence (D:2)
  The ghost of gamers12 the Poker, a weakling MfGl (D:3)
  4 adders
  A dart slug (D:2)
  A ribbon worm (D:4)
  5 ball pythons
  3 endoplasms
  6 giant cockroaches
  4 goblins
  8 hobgoblins
  4 jackals
  A quokka (D:2)
  3 bats
  4 frilled lizards
  3 kobolds
  3 rats
55 creatures vanquished.

Notes
Turn   | Place    | Note
-------+----------+-------------------------------------------
     0 | D:1      | soggyman666 the Gargoyle Monk began the quest for the Orb.
     0 | D:1      | Reached XP level 1. HP: 14/14 MP: 1/1
   176 | D:1      | Reached XP level 2. HP: 11/19 MP: 2/2
   282 | D:1      | Reached skill level 3 in Axes
   321 | D:1      | Found a faded altar of an unknown god.
   875 | D:2      | Reached XP level 3. HP: 24/24 MP: 3/3
   964 | D:2      | Identified the +2 pair of gloves "Yntassun" {Dex+3}
  1121 | D:2      | Noticed Terence
  1136 | D:2      | Killed Terence
  1137 | D:2      | Reached skill level 1 in Armour
  1137 | D:2      | Reached XP level 4. HP: 29/29 MP: 4/4
  1312 | D:2      | Noticed Sigmund
  1327 | D:2      | Killed Sigmund
  1328 | D:2      | Reached skill level 4 in Axes
  1328 | D:2      | Reached XP level 5. HP: 22/34 MP: 5/5
  1328 | D:2      | Reached XP level 6. HP: 26/39 MP: 6/6
  1444 | D:2      | Noticed Natasha
  1455 | D:2      | Killed Natasha
  2569 | D:3      | Identified the ring "Ypnoen" {+Blink Str-2 Dex+6 Stlth+}
  2735 | D:3      | Found a large runed translucent door.
  2735 | D:3      | Found a large runed translucent door.
  2739 | D:3      | Noticed gamers12's ghost (weakling MfGl)
  3137 | D:3      | Killed gamers12's ghost
  3138 | D:3      | Reached skill level 5 in Axes
  3390 | D:4      | Slain by an ogre

Illustrated notes

Levels and vault maps discovered:
D:1:      psy_arrival_spokes, layout_loops_ring,
          ebering_ecumenical_altar_abandoned
D:2:      layout_loops_cross, uniq_sigmund, uniq_natasha, uniq_terence
D:3:      layout_loops_ring, ebering_ghost_disaster_area,
          chequers_serial_rivers_micro_e
D:4:      minmay_opposing_rooms, layout_loops_ring, uniq_blork_the_orc,
          uniq_menkaure, uniq_edmund

Skill      XL: |  1  2  3  4  5  6 |
---------------+-------------------+-----
Axes           | 3 4 5 |  5.1
Fighting       | 4 |  4.5
Armour         | 1 2 3 |  3.0
Dodging        | |  2.8

Action                     |  1- 3 |  4- 6 || total
---------------------------+-------+-------++-------
  Melee: Hand axe          |   105 |   112 ||   217
    Use: Scroll            |     5 |     4 ||     9
         Potion            |       |     3 ||     3
 Armour: Robe              |    11 |       ||    11
         Plate armour      |    83 |    99 ||   182
  Dodge: Dodged            |    28 |    32 ||    60
